 Dungeon Crawl Stone Soup version 0.24-a0-762-gca426f56c8 (webtiles) character file.

Game seed: 13627713864290032804, levelgen mode: deterministic

21 Argons the Sneak (level 3, 0/19 HPs)
             Began as a Kobold Wizard on Oct 3, 2019.
             Slain by a kobold
             ... wielding a +1 short sword of protection
              (3 damage)
             ... on level 1 of the Dungeon.
             The game lasted 00:05:51 (1044 turns).

Argons the Sneak (Kobold Wizard)                    Turns: 1044, Time: 00:05:52

Health: 0/19       AC:  2    Str:  4    XL:     3   Next: 2%
Magic:  0/7        EV: 15    Int: 20    God:
Gold:   26         SH:  0    Dex: 13    Spells: 3/8 levels left

rFire    . . .     SeeInvis .   (weapon restricted)
rCold    . . .     Gourm    .   (shield restricted)
rNeg     . . .     Faith    .   a - +0 robe
rPois    .         Spirit   .   b - +0 hat
rElec    .         Reflect  .   (no cloak)
rCorr    .         Harm     .   (no gloves)
MR       .....                  (no boots)
Stlth    ++........             (no amulet)
HPRegen  0.06/turn              (no ring)
MPRegen  0.10/turn              (no ring)

@: no status effects
A: small, carnivore
a: no special abilities


You were on level 1 of the Dungeon.
You were not hungry.

You visited 1 branch of the dungeon, and saw 1 of its levels.

You collected 26 gold pieces.

Inventory:

Missiles
 c - 13 bolts
Armour
 a - a +0 robe (worn)
 b - a +0 hat (worn)
Scrolls
 f - 2 scrolls of remove curse {unknown}
 g - a scroll of identify {unknown}
Potions
 e - 2 potions of heal wounds {unknown}
Comestibles
 d - a ration


   Skills:
 - Level 2.4 Dodging
 + Level 3.7 Stealth
 - Level 3.2 Spellcasting
 + Level 2.0 Conjurations
 - Level 1.0 Summonings
 - Level 1.0 Translocations


You had 3 spell levels left.
You knew the following spells:

 Your Spells              Type           Power        Failure   Level  Hunger
a - Magic Dart            Conj           ##..         6%          1    None
b - Call Imp              Summ           #.......     14%         2    ##.....
c - Blink                 Tloc           N/A          14%         2    ##.....

Your spell library contained the following spells:

 Spells                   Type           Power        Failure   Level  Hunger
 Slow                     Hex            #.......     22%         2    ##.....
 Conjure Flame            Conj/Fire      #.......     26%         3    ###....
 Mephitic Cloud           Conj/Pois/Air  #.......     30%         3    ###....


Dungeon Overview and Level Annotations

Branches:
Dungeon (1/15)

Altars:


Innate Abilities, Weirdness & Mutations

You are small and have problems with some larger weapons.
You are carnivorous and can eat meat at any time.


Message History

The kobold misses you.
Press: ? - help, v - describe, . - travel
Here: a kobold, wielding a +1 short sword of protection (severely wounded)
The floor.
Casting: Magic Dart (safe; 6% risk of failure)
Confirm with . or Enter, or press ? or * to list all spells.
Aiming: Magic Dart (safe; 6% risk of failure)
Press: ? - help, Shift-Dir - straight line, f/p - kobold
Aim: a kobold, wielding a +1 short sword of protection (severely wounded)
The magic dart hits the kobold but does no damage.
The kobold is severely wounded.
Casting: Magic Dart (safe; 6% risk of failure)
Confirm with . or Enter, or press ? or * to list all spells.
Aiming: Magic Dart (safe; 6% risk of failure)
Press: ? - help, Shift-Dir - straight line, f/p - kobold
Aim: a kobold, wielding a +1 short sword of protection (severely wounded)
The magic dart hits the kobold but does no damage.
The kobold is severely wounded.
The kobold hits you with a +1 short sword of protection.
You die...

##♣#####.#....###..# ##.♣♣
#.#.........#######
♣#♣#.♣.♣♣♣#♣.................#
...........###..#...#..#####.#
...........♣ #..#......#####.#
..###'###..#♣#...............#
..#.....#..≈###.##..#..#######
..#.....#...##.K#........#
..#.....#..♣....@......#.#
..#...<.+...♣######.#..#.#
..#.....#..#♣ #.......#
..#######..♣ #..###.##
...........# #..#...####
...........♣ ##........)#
#♣♣#.♣.♣♣♣♣♣ #...#..#####
♣#.## #..##..#
#####♣♣##########..##..#


You could see a kobold.

Vanquished Creatures
  A ball python (D:1)
  2 giant cockroaches (D:1)
  3 goblins (D:1)
  2 hobgoblins (D:1)
  A bat (D:1)
  2 frilled lizards (D:1)
  4 kobolds (D:1)
  5 rats (D:1)
20 creatures vanquished.

Notes
Turn   | Place    | Note
-------+----------+-------------------------------------------
     0 | D:1      | Argons the Kobold Wizard began the quest for the Orb.
     0 | D:1      | Reached XP level 1. HP: 10/10 MP: 4/4
   212 | D:1      | Reached XP level 2. HP: 2/15 MP: 1/6
   263 | D:1      | Learned a level 2 spell: Call Imp
   266 | D:1      | Learned a level 2 spell: Blink
   972 | D:1      | Reached XP level 3. HP: 19/19 MP: 0/7
  1044 | D:1      | Slain by a kobold

Levels and vault maps discovered:
D:1:      saegor_arrival_under_anarchy, layout_basic

Skill      XL: |  1  2 |
---------------+-------+-----
Stealth        | 3 |  3.7
Conjurations   | 2 |  2.0
Dodging        | |  2.4
Spellcasting   | |  3.2
Summonings     | |  1.0
Translocations | |  1.0

Action                   || total
-------------------------++-------
 Cast: Magic Dart        ||    47
  Eat: Chunk             ||     4
Armor: Robe              ||     4
Dodge: Dodged            ||    15

Table legend:
 A = Non-vault XP
 B = Vault XP
 C = Vault XP percentage of total XP
 D = Non-vault monster count
 E = Vault monster count
 F = Vault count percentage of total count
                 A         B        C        D         E       F
            +---------+---------+-------+---------+---------+-------
      Total |      30 |       0 |   0.0 |      20 |       0 |   0.0
            +---------+---------+-------+---------+---------+-------
        D:1 |      30 |       0 |   0.0 |      20 |       0 |   0.0
            +---------+---------+-------+---------+---------+-------
